 Dungeon Crawl Stone Soup version 0.18.1-2-ga659475 (webtiles) character file.

160 Chiseanne the Skirmisher (level 5, 0/47 HPs)
             Began as a Ghoul Earth Elementalist on May 8, 2016.
             Slain by a crimson imp (3 damage)
             ... summoned by Natasha
             ... on level 4 of the Dungeon.
             The game lasted 00:06:02 (2502 turns).

Chiseanne the Skirmisher (Ghoul Earth Elementalist) Turns: 2502, Time: 00:06:03

Health: 0/47       AC:  8    Str: 12    XL:     5   Next: 41%
Magic:  6/6        EV: 15    Int: 10    God:
Gold:   143        SH:  0    Dex: 10    Spells: 1 memorised, 6 levels left

rFire  . . .     SeeInvis .     f - +0 mace
rCold  + . .     Gourm    .     c - +1 swamp dragon armour
rNeg   + + +     Faith    .     (no shield)
rPois  ∞         Spirit   .     (no helmet)
rElec  .         Dismiss  .     (no cloak)
rCorr  .         Reflect  .     (no gloves)
SustAt .         Harm     .     (no boots)
MR     .....                    (no amulet)
Stlth  +.........               (no ring)
                                j - +5 ring of evasion

@: very slightly contaminated, rotting, hasted, very quick, not resistant to
hostile enchantments, very unstealthy
A: rotting body, claws 1, carnivore 3, cold resistance 1, negative energy
resistance 3, slow regeneration 1, torment resistance, unbreathing
a: no special abilities


You were on level 4 of the Dungeon.
You were not hungry.

You visited 1 branch of the dungeon, and saw 4 of its levels.

You collected 143 gold pieces.

Inventory:

Hand Weapons
 f - a +0 mace (weapon)
Missiles
 a - a throwing net
 b - 118 stones (quivered)
 k - 54 sling bullets
Armour
 c - a +1 swamp dragon armour (worn)
Jewellery
 j - a +5 ring of evasion (left claw)
Scrolls
 h - 3 scrolls of identify
 i - a scroll of teleportation
 l - a scroll of immolation
Comestibles
 d - 2 meat rations
 g - a slice of pizza
 m - a chunk of flesh


   Skills:
 * Level 4.6 Fighting
 * Level 2.0 Armour
 - Level 1.7 Dodging
 - Level 2.1 Stealth
 - Level 1.7 Spellcasting
   Level 0.8 Transmutations
 - Level 3.2 Earth Magic


You had 6 spell levels left.
You knew the following spells:

 Your Spells              Type           Power        Failure   Level  Hunger
a - Sandblast             Erth           #.....       21%         1    ##.....


Dungeon Overview and Level Annotations

Branches:
Dungeon (4/15)
 Temple: D:4-7

Altars:
Kikubaaqudgha
Pakellas

Annotations:
D:2 Terence
D:4 Natasha


Innate Abilities, Weirdness & Mutations

Your body is rotting away.
You thrive on raw meat.
You are immune to poison.
You have sharp fingernails.
You are carnivorous and can eat meat at any time.
Your flesh is cold resistant.
You are immune to negative energy.
You regenerate slowly when monsters are visible.
You are immune to unholy pain and torment.
You can survive without breathing.


Message History

Natasha is almost dead.
Natasha claws you.
* * * LOW HITPOINT WARNING * * *
You closely miss Natasha.
Natasha is almost dead.
Natasha mumbles some strange words.
The crimson imp blinks!
You hit Natasha but do no damage.
Natasha is almost dead.
Natasha claws you but does no damage.
The crimson imp hits you but does no damage.
You miss Natasha.
Natasha is almost dead.
The crimson imp barely misses you. Natasha claws you.
* * * LOW HITPOINT WARNING * * *
The crimson imp hits you but does no damage.
Your swamp dragon armour prevents you from hitting Natasha.
Natasha is almost dead.
The crimson imp hits you.
You die...

###### ....#### .# #
#.....# .# ####
#.....# .#
...##+####.....###.##
.........#......5...#
###......#>....h@...#
..'.......#.###.5...#
###.......#.# #<....#
#.......#.# #.....#
###.....#.# #.....#
#.......# #......#
#.....#.# #......#
#.....#.# #...(?$#
#######.# #....%.#


You could see Natasha and 2 crimson imps.

Vanquished Creatures
  Natasha (D:4)
  2 worker ants (D:4)
  2 adders
  An ooze (D:1)
  2 worms
  A dart slug (D:3)
  A giant gecko (D:2)
  An orc (D:3)
  2 ball pythons
  A bat zombie (D:3)
  6 giant cockroaches
  7 hobgoblins
  4 jackals (D:2)
  2 quokkas
  11 bats
  2 giant newts (D:2)
  A goblin (D:1)
  2 kobolds
  8 rats
  A rat zombie (D:3)
58 creatures vanquished.

Notes
Turn   | Place    | Note
--------------------------------------------------------------
     0 | D:1      | Chiseanne the Ghoul Earth Elementalist began the quest for the Orb.
     0 | D:1      | Reached XP level 1. HP: 14/14 MP: 2/2
   139 | D:1      | Reached skill level 1 in Fighting
   463 | D:1      | Reached XP level 2. HP: 24/24 MP: 0/3
   536 | D:1      | Reached skill level 2 in Fighting
   957 | D:2      | Reached XP level 3. HP: 26/30 MP: 1/4
   990 | D:2      | Reached skill level 3 in Fighting
  1612 | D:2      | Reached XP level 4. HP: 34/40 MP: 5/5
  1621 | D:2      | Noticed Terence
  1636 | D:3      | Reached skill level 4 in Fighting
  1723 | D:3      | Found an oddly glowing altar of Pakellas.
  2066 | D:3      | Reached skill level 1 in Armour
  2103 | D:3      | Found an ancient bone altar of Kikubaaqudgha.
  2226 | D:4      | Noticed Natasha
  2406 | D:4      | Killed Natasha
  2435 | D:4      | Reached XP level 5. HP: 47/47 MP: 6/6
  2483 | D:4      | Noticed Natasha
  2502 | D:4      | Slain by a crimson imp

Skill      XL: |  1  2  3  4  5 |
---------------+----------------+-----
Fighting       | 1 2 3 4 |  4.6
Armour         | 1 2 |  2.0
Dodging        | |  1.7
Stealth        | |  2.1
Spellcasting   | |  1.7
Transmutations | |  0.8
Earth Magic    | |  3.2

Action                   |  1- 3 |  4- 6 || total
-------------------------+-------+-------++-------
Melee: Mace              |    84 |   111 ||   195
       Unarmed           |     2 |       ||     2
 Cast: Sandblast         |    39 |     5 ||    44
  Use: Scroll            |     4 |     5 ||     9
       Potion            |     5 |     2 ||     7
 Stab: Sleeping          |     3 |       ||     3
  Eat: Chunk             |    27 |    11 ||    38
Armor: Robe              |    27 |     4 ||    31
       Swamp dragon armo |       |    36 ||    36
Dodge: Dodged            |   101 |    74 ||   175
